 Dungeon Crawl Stone Soup version 0.27-a0-46-g34d46f0a3f (webtiles) character file.

Game seed: 5358250294267518435

233 wythoutpain the Sneak (level 5, -1/25 HPs)
             Began as a Spriggan Enchanter on Jan 7, 2021.
             Killed by divine providence
             ... invoked by an orc priest
              (14 damage)
             ... on level 4 of the Dungeon.
             The game lasted 00:26:43 (3774 turns).

wythoutpain the Sneak (Spriggan Enchanter)          Turns: 3774, Time: 00:26:43

Health: -1/25      AC:  3    Str:  5    XL:     5   Next: 75%
Magic:  3/11       EV: 19    Int: 16    God:
Gold:   197        SH:  0    Dex: 17    Spells: 2/11 levels left

rFire    + . .     SeeInvis +   m - +0 rapier
rCold    x . .     Faith    .   (shield restricted)
rNeg     . . .     Spirit   .   b - +1 robe
rPois    .         Reflect  .   (helmet restricted)
rElec    .         Harm     .   (no cloak)
rCorr    .         Rampage  .   (gloves unavailable)
Will     .....                  (boots unavailable)
Stlth    +++.......             l - amulet of regeneration
HPRegen  0.48/turn              q - ring of fire
MPRegen  0.12/turn              (no ring)

@: very quick
A: very small, unfitting armour, see invisible, speed 3
a: no special abilities


You were on level 4 of the Dungeon.
You visited 1 branch of the dungeon, and saw 4 of its levels.

You collected 197 gold pieces.

Inventory:

Hand Weapons
 g - a +0 hunting sling
 m - a +0 rapier (weapon)
Missiles
 d - 100 stones
 e - 37 sling bullets
 i - 9 poisoned darts (quivered)
 j - 7 javelins
Armour
 b - a +1 robe (worn)
Jewellery
 l - an amulet of regeneration (around neck)
 q - a ring of fire (left hand)
Scrolls
 c - 2 scrolls of teleportation
 o - a scroll of magic mapping
 p - a scroll of amnesia
Potions
 f - a potion of haste
 h - a potion of ambrosia
 k - 3 potions of cancellation


   Skills:
 + Level 0.4 Fighting
 + Level 2.5 Short Blades
 + Level 0.8 Slings
 + Level 3.9 Dodging
 + Level 6.4 Stealth
 + Level 3.9 Spellcasting
 + Level 4.8 Hexes
 + Level 0.3 Ice Magic


You had 2 spell levels left.
You knew the following spells:

 Your Spells              Type           Power        Failure   Level
a - Corona                Hex            20%          2%          1
b - Ensorcelled Hibernat  Hex/Ice        22%          9%          2
c - Confusing Touch       Hex            18%          7%          3
d - Tukima's Dance        Hex            18%          7%          3

Your spell library contained the following spells:

 Spells                   Type           Power        Failure   Level
 Dazzling Flash           Conj/Hex       20%          19%         3


Dungeon Overview and Level Annotations

Branches:
Dungeon (4/15)
 Temple: D:4-7

Altars:
Makhleb
Zin
The Shining One

Annotations:
D:3 3 runed translucent doors, ArcanElement's ghost, amateur HuFi


Innate Abilities, Weirdness & Mutations

You are very small and have problems with some larger weapons.
You are too small for most types of armour.
You have supernaturally acute eyesight. (SInv)
You cover ground extremely quickly.


Message History

The poisoned dart barely misses the orc.
The poisoned dart closely misses the orc priest.
The poisoned dart barely misses the orc.
Your magical contamination has completely faded away.
You barely miss the orc.
The orc is moderately wounded.
The orc hits you.
You closely miss the orc.
The orc is severely wounded.
You kill the orc!
The orc priest calls down the wrath of Beogh upon you.
Beogh smites you!
Unknown command.
The orc priest closely misses you.
Things that are here:
a +0 leather armour; an orc corpse The orc priest invokes the aid of Beogh against you.
Beogh smites you!
Ouch! That really hurt!
You die...

+..........#......#
#.#.#
#.................# #.#
# #....)....#.......#
#.# #.....))).#.......#
#.#
#####...).รท[..........#
#.#
##.....####<..........#
.#
.#.....####...........#
.'........'......######
.#......#.#.....@.#
........#.#.....#[#
........#.....###o#
........####### #o#
..#####.#########o.
..#####........###(.
...............# (..
.#######.......# #.##
.#.............# ..


You could see 2 orc priests and an orc (poisoned).

Vanquished Creatures
  An orc priest (D:4)
  Jessica (D:3)
  An orc wizard (D:4)
  5 adders
  An ooze (D:1)
  3 worms
  2 dart slugs
  4 orcs
  8 bats
  3 giant cockroaches
  6 hobgoblins
  3 jackals (D:1)
  A quokka (D:3)
  2 frilled lizards
  5 goblins
  4 kobolds
  A leopard gecko skeleton (D:4)
  5 rats
56 creatures vanquished.

Vanquished Creatures (collateral kills)
  An ogre (D:4)
  2 orcs (D:4)
3 creatures vanquished.

Vanquished Creatures (others)
  3 dancing weapons (D:4)
3 creatures vanquished.

Grand Total: 62 creatures vanquished

Notes
Turn   | Place    | Note
-------+----------+-------------------------------------------
     0 | D:1      | wythoutpain the Spriggan Enchanter began the quest for the
                  | Orb.
     0 | D:1      | Reached XP level 1. HP: 9/9 MP: 5/5
   350 | D:1      | Reached XP level 2. HP: 13/13 MP: 6/6
   498 | D:1      | Reached skill level 5 in Stealth
   677 | D:1      | Learned a level 2 spell: Ensorcelled Hibernation
  1250 | D:2      | Reached XP level 3. HP: 14/16 MP: 8/8
  1452 | D:2      | Found a glowing silver altar of Zin.
  1631 | D:2      | Found a glowing golden altar of the Shining One.
  1954 | D:2      | Reached XP level 4. HP: 20/21 MP: 7/10
  2382 | D:3      | Noticed Jessica
  2408 | D:3      | Killed Jessica
  2618 | D:3      | Reached skill level 6 in Stealth
  2673 | D:3      | Learned a level 3 spell: Confusing Touch
  2677 | D:3      | Learned a level 3 spell: Tukima's Dance
  2706 | D:3      | Found a runed translucent gate.
  2706 | D:3      | Found a runed translucent gate.
  2706 | D:3      | Found a runed translucent gate.
  2710 | D:3      | Noticed ArcanElement's ghost (amateur HuFi)
  3369 | D:4      | Reached XP level 5. HP: 11/25 MP: 3/11
  3567 | D:4      | Noticed an ogre
  3581 | D:4      | Killed an ogre
  3650 | D:4      | Found a burning altar of Makhleb.
  3774 | D:4      | Killed from afar by an orc priest

Illustrated notes

Levels and vault maps discovered:
D:1:      dpeg_arrival_round_b, layout_loops_corners, chequers_arboretum,
          roderic_lattice_a
D:2:      layout_basic, old_standard_altar, lemuel_crystal_altar
D:3:      layout_basic, gammafunk_ghost_split, uniq_jessica
D:4:      layout_basic, old_standard_altar

Skill      XL: |  1  2  3  4 |
---------------+-------------+-----
Stealth        | 5 6 |  6.4
Spellcasting   | 3 |  3.9
Hexes          | 4 |  4.8
Short Blades   | 2 |  2.5
Fighting       | |  0.4
Slings         | |  0.8
Dodging        | |  3.9
Ice Magic      | |  0.3

Action                   |  1- 3 |  4- 6 || total
-------------------------+-------+-------++-------
Melee: Dagger            |    74 |       ||    74
       Rapier            |    27 |    73 ||   100
 Fire: Hunting sling     |     5 |     3 ||     8
Throw: Dart              |       |     3 ||     3
 Cast: Corona            |    27 |     7 ||    34
       Ensorcelled Hiber |     1 |    13 ||    14
       Tukima's Dance    |       |     9 ||     9
  Use: Scroll            |     4 |     8 ||    12
       Potion            |     2 |       ||     2
 Stab: Sleeping          |    14 |    15 ||    29
Armor: Robe              |     5 |     5 ||    10
Dodge: Dodged            |    89 |    66 ||   155

Table legend: (Time is in decaauts)
 A = Elapsed time spent in this place.
 B = Non-inter-level travel time spent in this place.
 C = Inter-level travel time spent in this place.
 D = Time resting spent in this place.
 E = Time spent auto-exploring this place.
 F = Levels seen in this place.
 G = Mean time per level.
                   A        B        C        D        E       F      G
               +--------+--------+--------+--------+--------+-----+--------+
         Total |   2813 |   2741 |     72 |    356 |   1710 |   4 |  703.2 |
       Dungeon |   2813 |   2741 |     72 |    356 |   1710 |   4 |  703.2 |
               +--------+--------+--------+--------+--------+-----+--------+

Top non-repeatable levels by time:
     D:1: 1140 daAuts
     D:3: 867 daAuts
     D:2: 473 daAuts
     D:4: 331 daAuts
